 Dungeon Sprint DCSS version 0.31-a0-844-gdc52ec4e09 (webtiles) character file.

Game seed: 13346737430036335059

4795 sircluck the Grappler (level 10, -13/115 HPs)
             Began as a Troll Berserker on Sept 29, 2023.
             Was the Champion of Trog.
             Mangled by an ice devil (21 damage)
             ... in the Dungeon (Sprint VII: "The Pits").
             The game lasted 00:02:40 (1093 turns).

sircluck the Grappler (Troll Berserker)             Turns: 1093, Time: 00:02:41

Health: -13/115    AC:  6    Str: 31    XL:     10   Next: 24%
Magic:  9/9        EV: 17    Int:  3    God:    Trog [******]
Gold:   0          SH:  0    Dex: 12    Spells: 9/9 levels left

rFire   . .          .
                       - Unarmed
rCold   . . .        (no shield)
rNeg    . . .        q - +0 troll leather armour
rPois   .            (helmet restricted)
rElec   .            p - +0 cloak
rCorr   .            (gloves unavailable)
SInv    .            (boots unavailable)
Will    .....        (no amulet)
Stlth   +            l - +3 ring of dexterity
HPRegen 1.99/turn    m - +3 ring of evasion
MPRegen 0.11/turn

%: no teleportation
@: lethally poisoned (-13 -> -13), slowed, very slow
A: large, unfitting armour, claws 3, regeneration 1, shaggy fur 1, tough skin 1
a: Renounce Religion, Berserk, Trog's Hand, Brothers in Arms


You were in the Dungeon.
You worshipped Trog.
Trog was exalted by your worship.
You visited 1 branch

Inventory:

Armour
 a - a +0 animal skin
 p - a +0 cloak (worn)
 q - a +0 troll leather armour (worn)
Jewellery
 l - a +3 ring of dexterity (left claw)
 m - a +3 ring of evasion (right claw)
Wands
 k - a wand of quicksilver (12)
Scrolls
 g - a scroll of blinking
 i - 2 scrolls of vulnerability
 j - a scroll of summoning
Potions
 b - 7 potions of curing
 c - 9 potions of heal wounds
 d - 2 potions of haste
 e - 4 potions of magic
 f - 3 potions of berserk rage
 h - 2 potions of invisibility
 n - 5 potions of might
 o - a potion of resistance


   Skills:
 + Level 12.1 Fighting
 + Level 4.5 Armour
 + Level 11.9 Dodging
 + Level 14.0 Unarmed Combat


You had 9 spell levels left.
You didn't know any spells.
Your spell library was empty.

Dungeon Overview and Level Annotations

Branches:
Dungeon (1/1)

Altars:
Ashenzari
Cheibriados
Dithmenos
Elyvilon
Fedhas
Gozag
Hepliaklqana
Kikubaaqudgha
Makhleb
Nemelex Xobeh
Okawaru
Qazlal
Ru
Sif Muna
Trog
Uskayaw
Vehumet
Wu Jian
Xom
Yredelemnul
Zin
The Shining One
Jiyva
Lugonu


Innate Abilities, Weirdness & Mutations

You are too large for most types of armour.
You have claws for hands.
Your natural rate of healing is unusually fast.
You are covered in fur. (AC +1)
You have tough skin. (AC +1)


Message History

Your Fighting skill increases to level 12!
Your Unarmed Combat skill increases to level 14!
You barely miss the ice devil. Your claw misses the ice devil.
You feel very sick.
The wight hits you with a +0 battleaxe of venom!
You feel drained.
You are more poisoned.
The ice devil hits you but does no damage.
You are too injured to fight recklessly!
You are too injured to fight recklessly!
You are too injured to fight recklessly!
You are too injured to fight recklessly!
You are too injured to fight recklessly!
Unknown command.
Unknown command.
You feel extremely sick.
You barely miss the wight. You claw the wight, but do no damage.
You feel very sick. The wight completely misses you.
You mangle the wight!!
You destroy the wight!
Trog accepts your kill.
You feel very sick.
You claw the wight!
You destroy the wight!
Trog accepts your kill. Trog grants you a weapon!
Something appears at your feet!
You see here a +2 heavy executioner's axe.
You feel sick. The ice devil hits you!
* * * LOW HITPOINT WARNING * * *
The ice devil freezes you!
* * * LOW HITPOINT WARNING * * *
Your life force feels restored.
You mangle the ice devil!!
The ice devil is severely wounded.
You feel sick. The ice devil hits you.
* * * LOW HITPOINT WARNING * * *
The ice devil freezes you!!
You die...

..............''..# #..#
..............''..##########†.#
....#..#......##...).......)..#
..............##..............#
#'#####''######################
.....##''#########
.....##......#...+
.....##....###...###
.<...##...##.'..@4.#
.....##..##.)##+##..#
.....##..#..## #..+
.....##).#).# ..# #######)))..+
' .+ #######)[#..# .#
#..[[##..#..# + #..[.##..##..#
'..))##...##.+


You could see an ice devil.

Vanquished Creatures
  A two-headed ogre (D)
  A deep elf zephyrmancer (D)
  A manticore (D)
  2 cane toads (D)
  A freezing wraith (D)
  Psyche (D)
  A troll (D)
  A hellwing (D)
  A ynoxinul (D)
  A chaos spawn (D)
  2 acid dragons (D)
  3 orc warriors (D)
  2 ice beasts (D)
  A black bear (D)
  2 sky beasts (D)
  8 wights (D)
  A crimson imp (D)
  2 orc priests (D)
  A quasit (D)
  An iron imp (D)
  Ijyb (D)
  4 orc wizards (D)
  A gnoll (D)
  A river rat (D)
  9 orcs (D)
  A ball python (D)
  A bat skeleton (D)
  A goblin (D)
  A hobgoblin (D)
  A kobold (D)
  A quokka (D)
  2 bats (D)
  2 rats (D)
60 creatures vanquished.

Notes
Turn   | Place    | Note
-------+----------+-------------------------------------------
     0 | D        | sircluck the Troll Berserker began the quest for the Orb.
     0 | D        | Reached XP level 1. HP: 22/22 MP: 0/0
    18 | D        | Found a bloodstained altar of Trog.
    18 | D        | Found a shimmering blue altar of Sif Muna.
    18 | D        | Found a viscous altar of Jiyva.
    18 | D        | Found a hazy altar of Hepliaklqana.
    18 | D        | Found an opulent altar of Gozag.
    19 | D        | Found a glowing golden altar of the Shining One.
    19 | D        | Found a glowing silver altar of Zin.
    19 | D        | Found a basalt altar of Yredelemnul.
    19 | D        | Found a shimmering altar of Xom.
    19 | D        | Found an ornate altar of the Wu Jian Council.
    19 | D        | Found a sacrificial altar of Ru.
    19 | D        | Found a stormy altar of Qazlal.
    19 | D        | Found an iron altar of Okawaru.
    19 | D        | Found a sparkling altar of Nemelex Xobeh.
    19 | D        | Found a burning altar of Makhleb.
    19 | D        | Found a blossoming altar of Fedhas.
    19 | D        | Found a white marble altar of Elyvilon.
    19 | D        | Found a shadowy altar of Dithmenos.
    19 | D        | Found a snail-covered altar of Cheibriados.
    23 | D        | Found a corrupted altar of Lugonu.
    23 | D        | Found a radiant altar of Vehumet.
    24 | D        | Found a broken altar of Ashenzari.
    24 | D        | Found an ancient bone altar of Kikubaaqudgha.
    24 | D        | Found a hide-covered altar of Uskayaw.
    79 | D        | Reached ** piety under Trog
    80 | D        | Reached XP level 2. HP: 29/31 MP: 1/1
    96 | D        | Reached skill level 4 in Unarmed Combat
    98 | D        | Reached *** piety under Trog
   125 | D        | Reached XP level 3. HP: 39/39 MP: 2/2
   144 | D        | Noticed an orc warrior
   145 | D        | Reached **** piety under Trog
   163 | D        | Reached skill level 5 in Unarmed Combat
   172 | D        | Killed an orc warrior
   173 | D        | Reached skill level 5 in Fighting
   173 | D        | Reached skill level 5 in Dodging
   173 | D        | Reached skill level 6 in Unarmed Combat
   173 | D        | Reached XP level 4. HP: 22/50 MP: 3/3
   173 | D        | Reached XP level 5. HP: 26/58 MP: 4/4
   176 | D        | Reached ***** piety under Trog
   177 | D        | Reached skill level 7 in Unarmed Combat
   228 | D        | Reached XP level 6. HP: 48/68 MP: 5/5
   265 | D        | Reached skill level 8 in Unarmed Combat
   280 | D        | Noticed an acid dragon
   283 | D        | Killed an acid dragon
   283 | D        | Reached ****** piety under Trog
   283 | D        | Identified the +5 great mace "Hairac" {flame, rCorr Str+5
                  | Stlth-} (Trog gifted it to you in the Dungeon)
   283 | D        | Received a gift from Trog
   284 | D        | Reached skill level 9 in Unarmed Combat
   285 | D        | Noticed a sky beast
   285 | D        | Noticed Ijyb
   285 | D        | Noticed an ice beast
   292 | D        | Killed an ice beast
   293 | D        | Reached XP level 7. HP: 53/80 MP: 6/6
   296 | D        | Killed Ijyb
   328 | D        | Noticed a cane toad
   328 | D        | Noticed a cane toad
   436 | D        | Received a gift from Trog
   437 | D        | Reached skill level 10 in Unarmed Combat
   440 | D        | Killed a cane toad
   441 | D        | Reached XP level 8. HP: 92/92 MP: 7/7
   444 | D        | Killed a cane toad
   445 | D        | Reached skill level 11 in Unarmed Combat
   561 | D        | Noticed a two-headed ogre
   599 | D        | Killed a two-headed ogre
   600 | D        | Reached skill level 10 in Fighting
   600 | D        | Reached skill level 10 in Dodging
   600 | D        | Reached skill level 12 in Unarmed Combat
   600 | D        | Reached XP level 9. HP: 73/102 MP: 8/8
   629 | D        | Noticed Psyche
   638 | D        | Killed Psyche
   659 | D        | Noticed a troll
   659 | D        | Noticed a hellwing
   665 | D        | Killed a hellwing
   665 | D        | Received a gift from Trog
   671 | D        | Killed a troll
   673 | D        | Reached skill level 13 in Unarmed Combat
   743 | D        | Noticed a manticore
   749 | D        | Killed a manticore
   750 | D        | Reached skill level 1 in Armour
   917 | D        | Received a gift from Trog
  1054 | D        | Received a gift from Trog
  1062 | D        | Noticed a deep elf zephyrmancer
  1067 | D        | Killed a deep elf zephyrmancer
  1068 | D        | Reached XP level 10. HP: 93/115 MP: 9/9
  1088 | D        | Reached skill level 14 in Unarmed Combat
  1092 | D        | Received a gift from Trog
  1093 | D        | Mangled by an ice devil

Illustrated notes

Levels and vault maps discovered:
D:        pitsprint [storerooms_1, entrance_room_1, metal_vault_6, armoury_1,
          mini_pit_1, grid_room_1, main_hall_1, silver_pit, the_coven_3,
          the_vestibule_1, steel_vault_5, golden_pit, hallway_of_sentries,
          crystal_vault_6, iron_vault_3, final_vault]

Skill      XL: |  1  2  3  4  5  6  7  8  9 10 |
---------------+-------------------------------+-----
Fighting       | 3 5 6 8 9 10 11 12 | 12.1
Dodging        | 3 5 6 7 8 10 11 | 11.9
Unarmed Combat | 4 6 7 9 10 12 13 14 | 14.0
Armour         | 3 4 |  4.5

Action                     |  1- 3 |  4- 6 |  7- 9 | 10-12 || total
---------------------------+-------+-------+-------+-------++-------
  Melee: Unarmed           |    52 |    39 |    81 |    14 ||   186
         Punch             |       |     3 |     5 |     1 ||     9
 Invoke: Berserk           |     1 |       |     3 |       ||     4
    Use: Potion            |     1 |       |       |       ||     1
 Armour: Animal skin       |    63 |    22 |    24 |       ||   109
         Troll leather arm |       |       |    21 |     8 ||    29
  Dodge: Dodged            |    49 |    14 |    39 |    10 ||   112

Table legend: (Time is in decaauts)
 A = Elapsed time spent in this place.
 B = Non-inter-level travel time spent in this place.
 C = Inter-level travel time spent in this place.
 D = Time resting spent in this place.
 E = Time spent auto-exploring this place.
 F = Levels seen in this place.
 G = Mean time per level.
                   A        B        C        D        E       F      G
               +--------+--------+--------+--------+--------+-----+--------+
         Total |   1106 |   1037 |     69 |    458 |    124 |   1 | 1106.0 |
       Dungeon |   1106 |   1037 |     69 |    458 |    124 |   1 | 1106.0 |
               +--------+--------+--------+--------+--------+-----+--------+

Top non-repeatable levels by time:
       D: 1106 daAuts
